 Dungeon Crawl Stone Soup version 0.29.1-2-gbd0b4ee654 (webtiles) character file.

Game seed: 4301879675678090806

474 sanboga the Trooper (level 7, -4/75 HPs)
             Began as an Ogre Berserker on Nov 21, 2022.
             Was a Believer of Trog.
             Slain by Eustachio
             ... wielding a +0 rapier
              (5 damage)
             ... on level 3 of the Dungeon.
             The game lasted 00:04:48 (4096 turns).

sanboga the Trooper (Ogre Berserker)                Turns: 4096, Time: 00:04:48

Health: -4/75      AC:  3    Str: 24    XL:     7   Next: 10%
Magic:  7/7        EV: 10    Int:  8    God:    Trog [**....]
Gold:   171        SH:  0    Dex:  8    Spells: 6/6 levels left

rFire   . . .      SeeInvis +   h - +0 flail
rCold   + . .      Faith    .   (no shield)
rNeg    . . .      Spirit   .   b - +0 animal skin
rPois   .          Reflect  .   (helmet restricted)
rElec   .          Harm     .   (no cloak)
rCorr   .          Rampage  .   (gloves unavailable)
Will    .....                   (boots unavailable)
Stlth   +.........              (no amulet)
HPRegen 0.22/turn               g - ring of Osuit {Fly rC+ SInv}
MPRegen 0.10/turn               (no ring)

@: flying
A: large, unfitting armour, tough skin 1
a: Renounce Religion, Berserk, Trog's Hand


You were on level 3 of the Dungeon.
You worshipped Trog.
Trog was pleased with you.
You visited 1 branch of the dungeon, and saw 4 of its levels.

You collected 171 gold pieces.

Inventory:

Hand Weapons
 h - a +0 flail (weapon)
Armour
 b - a +0 animal skin (worn)
Jewellery
 g - the ring of Osuit (left hand) {Fly rC+ SInv}
   (You found it on level 4 of the Dungeon)

   [ring of see invisible]

   rC:        It protects you from cold.
   SInv:      It lets you see invisible.
   Fly:       It grants you flight.
Scrolls
 a - a scroll of identify
 c - a scroll of magic mapping
 d - 2 scrolls of brand weapon
 f - a scroll of enchant weapon
 i - a scroll of poison {unknown}
Potions
 e - a potion of haste


   Skills:
 + Level 6.1 Fighting
 * Level 5.4 Maces & Flails
 + Level 4.2 Dodging


You had 6 spell levels left.
You didn't know any spells.
Your spell library was empty.

Dungeon Overview and Level Annotations

Branches:
Dungeon (4/15)
 Temple: D:4-7

Altars:
Trog
Xom

Annotations:
D:3 Eustachio
D:4 Robin


Innate Abilities, Weirdness & Mutations

You are too large for most types of armour.
You have tough skin. (AC +1)


Message History

The rat barely misses you.
You hit the white imp but do no damage.
The white imp is severely wounded.
The white imp disappears in a puff of smoke!
The bat hits you but does no damage. The bat hits you.
* * * LOW HITPOINT WARNING * * *
The rat barely misses you.
You miss Eustachio.
Eustachio is severely wounded.
The bat closely misses you. Eustachio hits you with a +0 rapier!
* * * LOW HITPOINT WARNING * * *
The rat bites you but does no damage.
You hit Eustachio.
Eustachio is severely wounded.
The bat hits you.
* * * LOW HITPOINT WARNING * * *
Eustachio hits you with a +0 rapier.
* * * LOW HITPOINT WARNING * * *
The rat bites you but does no damage.
You barely miss Eustachio.
Eustachio is severely wounded.
The bat hits you but does no damage. Eustachio hits you with a +0 rapier.
* * * LOW HITPOINT WARNING * * *
The rat closely misses you. Eustachio hits you with a +0 rapier.
* * * LOW HITPOINT WARNING * * *
You aren't carrying any items that you can evoke.
You closely miss Eustachio.
Eustachio is severely wounded.
The shadow imp disappears in a puff of smoke!
The bat hits you but does no damage. The rat barely misses you.
The bat hits you but does no damage.
Eustachio mumbles some strange words.
The rat barely misses you.
You hit Eustachio.
Eustachio is almost dead.
The bat hits you.
* * * LOW HITPOINT WARNING * * *
The bat hits you but does no damage. The quasit barely misses you. x2
The quasit misses you. Eustachio hits you with a +0 rapier.
You die...

############################
..........#....)...))>@.§..#
...............r########.#.#
...............b@@55..##.#.#
.....####...###5##.....:...#
.#÷#.####...###.#####.##<#.#
.................<.........#
#..#.###.##..##.#####.##...#
#..#.# #.....##.####...#...#
#..#.# ####.###..<...#.....#
#..#.# #.# ######.......####
#....# #.# ##.).#.....#


You could see Eustachio, a quasit (summoned), a shadow imp (summoned), an
ufetubus (summoned), a bat (summoned) and a rat (summoned).

Vanquished Creatures
  Grinder (D:3)
  An ogre (D:4)
  A hound (D:4)
  An orc wizard (D:3)
  3 gnolls (D:2)
  3 adders (D:2)
  2 worms
  3 orcs
  6 ball pythons
  3 bats
  4 endoplasms
  4 giant cockroaches
  8 goblins
  7 hobgoblins
  8 jackals (D:1)
  2 quokkas
  A frilled lizard (D:1)
  10 kobolds
  7 rats
75 creatures vanquished.

Vanquished Creatures (others)
  4 plants (D:3)
4 creatures vanquished.

Grand Total: 79 creatures vanquished

Notes
Turn   | Place    | Note
-------+----------+-------------------------------------------
     0 | D:1      | sanboga the Ogre Berserker began the quest for the Orb.
     0 | D:1      | Reached XP level 1. HP: 24/24 MP: 1/1
    82 | D:1      | Reached XP level 2. HP: 21/32 MP: 2/2
   253 | D:1      | Found a faded altar of an unknown god.
   712 | D:1      | Reached XP level 3. HP: 13/40 MP: 3/3
   989 | D:1      | Reached ** piety under Trog
  1670 | D:2      | Reached XP level 4. HP: 49/49 MP: 4/4
  2122 | D:2      | Reached skill level 5 in Fighting
  2458 | D:3      | Found a bloodstained altar of Trog.
  2507 | D:3      | Reached XP level 5. HP: 43/57 MP: 5/5
  2699 | D:3      | Noticed Grinder
  2699 | D:3      | Paralysed by Grinder for 4 turns
  2722 | D:3      | Killed Grinder
  2723 | D:3      | Reached XP level 6. HP: 48/67 MP: 6/6
  2889 | D:3      | Found a shimmering altar of Xom.
  3235 | D:4      | Identified the ring of Osuit {Fly rC+ SInv}
  3348 | D:4      | Reached skill level 6 in Fighting
  3348 | D:4      | Reached skill level 5 in Maces & Flails
  3353 | D:4      | Reached XP level 7. HP: 39/75 MP: 7/7
  3353 | D:4      | Noticed Robin
  3363 | D:4      | Noticed Eustachio
  4094 | D:3      | HP: 1/75 [Eustachio/+0 rapier (4)]
  4096 | D:3      | Slain by Eustachio

Illustrated notes

Levels and vault maps discovered:
D:1:      giann_forest_graveyard, layout_basic, ebering_ecumenical_altar_ruins
D:2:      layout_rooms
D:3:      layout_loops_ring, trog_three_pillars_becter, xom_teletrap_fun,
          serial_bayou_pond_a, uniq_grinder
D:4:      layout_basic, minmay_temple_entry_crystal_x, moated_statue,
          uniq_robin, uniq_eustachio, uniq_natasha

Skill      XL: |  1  2  3  4  5  6 |
---------------+-------------------+-----
Maces & Flails | 3 4 5 |  5.4
Dodging        | 3 4 |  4.2
Fighting       | 5 6 |  6.1

Action                   |  1- 3 |  4- 6 |  7- 9 || total
-------------------------+-------+-------+-------++-------
Melee: Mace              |   127 |    29 |       ||   156
       Punch             |     2 |       |     3 ||     5
       Flail             |       |    67 |    68 ||   135
Invok: Berserk           |     3 |     3 |       ||     6
  Use: Scroll            |     4 |     5 |       ||     9
Armor: Animal skin       |    42 |    18 |    48 ||   108
Dodge: Dodged            |   112 |    52 |    73 ||   237
